Map: Magannatha LE

Players

ManlyManMeat - Winner!

  • Race: Zerg Zerg
  • League: Diamond
  • Spawn Location: 11:00

VOD

Have the link to the VOD?

Description

Time

  • Played on: June 22, 2025, 2:21 p.m.
  • Length: 5:55
Show
View Real Time Build Order
Export as new Build Order

ManlyManMeat Zerg - Winner!

Build Orders:  

Get SALT Encoding   

  12  0:24  Spawning Pool  
  11  0:30  Drone  
  12  0:41  Drone  
  12  0:44  Drone  
  14  0:51  Extractor  
  14  0:53  Drone  
  15  1:12  Overlord  
  15  1:17  Extractor  
  15  1:37  Zergling x4  
  15  1:39  Queen  
  19  1:48  Drone  
  20  2:00  Extractor  
  20  2:03  Drone  
  20  2:18  Zergling x2  
  21  2:37  Zergling x2  
  22  2:49  Hatchery  
  21  2:51  Zergling x2  
  21  3:25  Overlord  
  21  3:26  Overlord  
  20  3:50  Zergling x2  
  21  4:01  Zergling x4  
  23  4:19  Zergling x2  
  23  4:33  Zergling x6  
  25  4:44  Zergling x2  
  25  4:48  Zergling x4  
  28  4:50  Queen  
  30  5:19  Zergling x12  
Tags
 
League
Diamond
Matchup
Co-op
Replay Pack
Myownreplay2
Add a new tag
Caveats
  • Supply blocks, unpowered buildings, or Contaminate may cause inaccurate times.
  • Supply counts are checked every 10 seconds.